SAA
PHOENIX HOTSPUR YOUTH @ TACOMA FUR TRADERS
08/16/2027
 
TOP OF THE 1ST
Phoenix Hotspur Youth batting - Pitching for Tacoma Fur Traders : RHP Xavier Benítez
Pitching: RHP Xavier Benítez
Batting: RHB Pierre Bernard 0-0: Ball
1-0: Fly out, F7 (Flyball, 7LM)
Batting: LHB Kenny Scott 0-0: Fly out, F8 (Line Drive, 8RD)
Batting: LHB Roberto Fierro 0-0: Ball
1-0: Called Strike
1-1: Foul Ball, location: 2F
1-2: Ground out 2-3 (Groundball, 2L)
Top of the 1st over - 0 run(s), 0 hit(s), 0 error(s), 0 left on base; Phoenix Hotspur 0 - Tacoma 0
BOTTOM OF THE 1ST
Tacoma Fur Traders batting - Pitching for Phoenix Hotspur Youth : RHP John Ball
Pitching: RHP John Ball
Batting: RHB Andy Moore 0-0: SINGLE (Groundball, 6MD)
Batting: RHB Luis Flores 0-0: Foul Ball, location: 2F
0-1: Foul Ball, location: 2F
0-2: Ball
Andy Moore steals 2nd base
1-2: Strikes out swinging
Batting: SHB Enrique Costello 0-0: Fly out, F3 (Line Drive, 3L)
Batting: RHB Nate Cates 0-0: Ball
1-0: Called Strike
1-1: Foul Ball, location: 2F
1-2: Ball
2-2: Ball
3-2: DOUBLE (Line Drive, 9D)
Andy Moore scores
Batting: LHB Dave Knight 0-0: Ball
1-0: Foul Ball, location: 2F
1-1: Ball
2-1: Ground out 4-3 (Groundball, 4)
Bottom of the 1st over - 1 run(s), 2 hit(s), 0 error(s), 1 left on base; Phoenix Hotspur 0 - Tacoma 1
TOP OF THE 2ND
Phoenix Hotspur Youth batting - Pitching for Tacoma Fur Traders : RHP Xavier Benítez
Batting: RHB Takashi Miike 0-0: Ball
1-0: Ball
2-0: DOUBLE (Flyball, 89D)
Batting: LHB Ricardo Peña 0-0: Called Strike
0-1: Swinging Strike
0-2: Ball
1-2: Fly out, F8 (Flyball, 89D)
Runner from 2nd tags up, SAFE at 3rd, no throw
Batting: LHB Harumi Takaki 0-0: Called Strike
0-1: Ball
1-1: Ball
2-1: Foul Ball, location: 2F
2-2: Fly out, F4 (Line Drive, 4)
Batting: RHB Hieronymus Bosch 0-0: Called Strike
0-1: Ball
1-1: Ball
2-1: Swinging Strike
2-2: Ball
3-2: Foul Ball, location: 2F
3-2: Foul Ball, location: 2F
3-2: Foul Ball, location: 2F
3-2: Strikes out swinging
Top of the 2nd over - 0 run(s), 1 hit(s), 0 error(s), 1 left on base; Phoenix Hotspur 0 - Tacoma 1
BOTTOM OF THE 2ND
Tacoma Fur Traders batting - Pitching for Phoenix Hotspur Youth : RHP John Ball
Batting: LHB Michael Whorton 0-0: Swinging Strike
0-1: Ball
1-1: Foul Ball, location: 2F
1-2: Fly out, F9 (Flyball, 9LM)
Batting: RHB Tim Lehman 0-0: Ball
1-0: Ground out 4-3 (Groundball, 4S)
Batting: RHB Miguel Silva 0-0: Ball
1-0: Foul Ball, location: 2F
1-1: Foul Ball, location: 2F
1-2: DOUBLE (Line Drive, 78D)
Batting: RHB Carlos Correa 0-0: Fly out, F9 (Flyball, 9LMF)
Bottom of the 2nd over - 0 run(s), 1 hit(s), 0 error(s), 1 left on base; Phoenix Hotspur 0 - Tacoma 1
TOP OF THE 3RD
Phoenix Hotspur Youth batting - Pitching for Tacoma Fur Traders : RHP Xavier Benítez
Batting: RHB Enrico Sánchez 0-0: Called Strike
0-1: Ground out 5-3 (Groundball, 5)
Batting: RHB Phillip Mendizabal 0-0: SINGLE (Groundball, 6MD)
Batting: RHB Pierre Bernard 0-0: Ball
Phillip Mendizabal steals 2nd base
1-0: Foul Ball, location: 2F
1-1: Fly out, F8 (Flyball, 8RD)
Runner from 2nd tags up, SAFE at 3rd, no throw
Batting: LHB Kenny Scott 0-0: SINGLE (Groundball, 4) (infield hit)
Phillip Mendizabal scores
Batting: LHB Roberto Fierro 0-0: Called Strike
0-1: Called Strike
0-2: Ball
1-2: Ball
2-2: Foul Ball, location: 2F
2-2: Ball
3-2: SINGLE (Groundball, 4D)
Kenny Scott to second
Kenny Scott to third
Batting: RHB Takashi Miike 0-0: Called Strike
0-1: Ground out 1-3 (Groundball, P)
Top of the 3rd over - 1 run(s), 3 hit(s), 0 error(s), 2 left on base; Phoenix Hotspur 1 - Tacoma 1
BOTTOM OF THE 3RD
Tacoma Fur Traders batting - Pitching for Phoenix Hotspur Youth : RHP John Ball
Batting: RHB Andy Moore 0-0: Ball
1-0: Ball
2-0: Called Strike
2-1: Foul Ball, location: 2F
2-2: Foul Ball, location: 2F
2-2: Strikes out swinging, 2-3 out at first.
Batting: RHB Luis Flores 0-0: DOUBLE (Line Drive, 9D)
Batting: SHB Enrique Costello 0-0: Called Strike
0-1: SINGLE (Groundball, 6D)
Luis Flores to third
Runner from 3rd tries for Home, SAFE, no throw
Batting: RHB Nate Cates 0-0: Foul Ball, location: 2F
0-1: Ball
1-1: Foul Ball, location: 2F
1-2: Ball
2-2: Foul Ball, location: 2F
2-2: Ball
3-2: Foul Ball, location: 2F
3-2: Fly out, F8 (Flyball, 8RXD)
Batting: LHB Dave Knight 0-0: Ball
1-0: SINGLE (Line Drive, 89S)
Enrique Costello to second
Batting: LHB Michael Whorton 0-0: Ball
1-0: Ball
2-0: Called Strike
2-1: Ball
3-1: Swinging Strike
3-2: Strikes out swinging
Bottom of the 3rd over - 1 run(s), 3 hit(s), 0 error(s), 2 left on base; Phoenix Hotspur 1 - Tacoma 2
TOP OF THE 4TH
Phoenix Hotspur Youth batting - Pitching for Tacoma Fur Traders : RHP Xavier Benítez
Batting: LHB Ricardo Peña 0-0: Ground out 4-3 (Groundball, 34)
Batting: LHB Harumi Takaki 0-0: Called Strike
0-1: Foul Ball, location: 2F
0-2: Ball
1-2: Strikes out looking
Batting: RHB Hieronymus Bosch 0-0: Ball
1-0: Swinging Strike
1-1: Swinging Strike
1-2: Strikes out looking
Top of the 4th over - 0 run(s), 0 hit(s), 0 error(s), 0 left on base; Phoenix Hotspur 1 - Tacoma 2
BOTTOM OF THE 4TH
Tacoma Fur Traders batting - Pitching for Phoenix Hotspur Youth : RHP John Ball
Batting: RHB Tim Lehman 0-0: Ball
1-0: Foul Ball, location: 2F
1-1: Ground out 5-3 (Groundball, 56)
Batting: RHB Miguel Silva 0-0: Swinging Strike
0-1: Ball
1-1: Ball
2-1: Ball
3-1: Swinging Strike
3-2: SINGLE (Groundball, 25) (infield hit)
Batting: RHB Carlos Correa 0-0: Called Strike
0-1: Ball
1-1: Foul Ball, location: 2F
1-2: Ball
2-2: Ball
3-2: Base on Balls
Miguel Silva to second
Batting: RHB Andy Moore 0-0: Called Strike
0-1: SINGLE (Groundball, 34D)
Miguel Silva to third
Carlos Correa to second
Runner from 3rd tries for Home, SAFE, throw made at trailing runner, SAFE at third!
Batting: RHB Luis Flores 0-0: Called Strike
0-1: Ball
1-1: Ball
2-1: Fly out, F4 (Popup, 3L)
Batting: SHB Enrique Costello 0-0: Fly out, F8 (Flyball, 89D)
Bottom of the 4th over - 1 run(s), 2 hit(s), 0 error(s), 2 left on base; Phoenix Hotspur 1 - Tacoma 3
TOP OF THE 5TH
Phoenix Hotspur Youth batting - Pitching for Tacoma Fur Traders : RHP Xavier Benítez
Batting: RHB Enrico Sánchez 0-0: Foul Ball, location: 2F
0-1: Foul Ball, location: 2F
0-2: Ball
1-2: Ball
2-2: Fly out, F4 (Line Drive, 4)
Batting: RHB Phillip Mendizabal 0-0: Ball
1-0: Ball
2-0: Foul Ball, location: 2F
2-1: Called Strike
2-2: Fly out, F7 (Flyball, 7LM)
Batting: RHB Pierre Bernard 0-0: Called Strike
0-1: Swinging Strike
0-2: Ball
1-2: Strikes out swinging
Top of the 5th over - 0 run(s), 0 hit(s), 0 error(s), 0 left on base; Phoenix Hotspur 1 - Tacoma 3
BOTTOM OF THE 5TH
Tacoma Fur Traders batting - Pitching for Phoenix Hotspur Youth : RHP John Ball
Batting: RHB Nate Cates 0-0: Called Strike
0-1: Foul Ball, location: 2F
0-2: Ball
1-2: Ball
2-2: Ball
3-2: Foul Ball, location: 2F
3-2: Fly out, F9 (Flyball, 9S)
Batting: LHB Dave Knight 0-0: Ball
1-0: Called Strike
1-1: Ball
2-1: Foul Ball, location: 2F
2-2: Ground out 5-3 (Groundball, 56S)
Batting: LHB Michael Whorton 0-0: Called Strike
0-1: Ball
1-1: Ball
2-1: Foul Ball, location: 2F
2-2: Ball
3-2: Foul Ball, location: 2F
3-2: SINGLE (Groundball, 4M) (infield hit)
Batting: RHB Tim Lehman 0-0: Fly out, F8 (Flyball, 8RM)
Bottom of the 5th over - 0 run(s), 1 hit(s), 0 error(s), 1 left on base; Phoenix Hotspur 1 - Tacoma 3
TOP OF THE 6TH
Phoenix Hotspur Youth batting - Pitching for Tacoma Fur Traders : RHP Xavier Benítez
Batting: LHB Kenny Scott 0-0: Ball
1-0: Ball
2-0: Fly out, F8 (Line Drive, 89M)
Batting: LHB Roberto Fierro 0-0: Ball
1-0: Ball
2-0: Foul Ball, location: 2F
2-1: Ball
3-1: Foul Ball, location: 2F
3-2: Fly out, F3 (Flyball, 34D)
Batting: RHB Takashi Miike 0-0: Called Strike
0-1: Swinging Strike
0-2: Ground out 6-3 (Groundball, 6)
Top of the 6th over - 0 run(s), 0 hit(s), 0 error(s), 0 left on base; Phoenix Hotspur 1 - Tacoma 3
BOTTOM OF THE 6TH
Tacoma Fur Traders batting - Pitching for Phoenix Hotspur Youth : RHP John Ball
Batting: RHB Miguel Silva 0-0: Swinging Strike
0-1: Ball
1-1: Called Strike
1-2: Foul Ball, location: 2F
1-2: Fly out, F9 (Flyball, 9LS)
Batting: RHB Carlos Correa 0-0: Foul Ball, location: 2F
0-1: Swinging Strike
0-2: Fly out, F7 (Flyball, 7S)
Batting: RHB Andy Moore 0-0: Ground out 4-3 (Groundball, 4)
Bottom of the 6th over - 0 run(s), 0 hit(s), 0 error(s), 0 left on base; Phoenix Hotspur 1 - Tacoma 3
TOP OF THE 7TH
Phoenix Hotspur Youth batting - Pitching for Tacoma Fur Traders : RHP Xavier Benítez
Batting: LHB Ricardo Peña 0-0: Ball
1-0: Ball
2-0: Fly out, F7 (Flyball, 7)
Batting: LHB Harumi Takaki 0-0: Ball
1-0: Swinging Strike
1-1: Foul Ball, location: 2F
1-2: Foul Ball, location: 2F
1-2: Strikes out swinging
Batting: RHB Hieronymus Bosch 0-0: Ball
1-0: Ground out 6-3 (Groundball, 6)
Top of the 7th over - 0 run(s), 0 hit(s), 0 error(s), 0 left on base; Phoenix Hotspur 1 - Tacoma 3
BOTTOM OF THE 7TH
Tacoma Fur Traders batting - Pitching for Phoenix Hotspur Youth : RHP John Ball
Batting: RHB Luis Flores 0-0: Called Strike
0-1: Ground out U3 (Groundball, 3S)
Batting: SHB Enrique Costello 0-0: Ball
1-0: SINGLE (Line Drive, 6MD)
Batting: RHB Nate Cates 0-0: Ball
1-0: Called Strike
1-1: Foul Ball, location: 2F
1-2: Ball
2-2: Foul Ball, location: 2F
2-2: Ball
3-2: Strikes out looking
Enrique Costello steals 2nd base
Batter strikes out.
Pitching: LHP Bryan Jones
Batting: LHB Dave Knight 0-0: Foul Ball, location: 2F
0-1: SINGLE (Groundball, 4S) (infield hit)
Enrique Costello to third
Pinch Hitting: RHB Britt Lynch 0-0: Fielders Choice at 2nd, 5-4 (Groundball, 5)
Bottom of the 7th over - 0 run(s), 2 hit(s), 0 error(s), 1 left on base; Phoenix Hotspur 1 - Tacoma 3
TOP OF THE 8TH
Phoenix Hotspur Youth batting - Pitching for Tacoma Fur Traders : RHP Xavier Benítez
Pitching: RHP Jeff Pearce
Now at 3B: Britt Lynch
Batting: RHB Enrico Sánchez 0-0: Foul Ball, location: 2F
0-1: Ball
1-1: Called Strike
1-2: Foul Ball, location: 2F
1-2: Strikes out looking
Batting: RHB Phillip Mendizabal 0-0: Ball
1-0: Ball
2-0: Foul Ball, location: 2F
2-1: SINGLE (Line Drive, 8LS)
Pitching: RHP Howard Ritchie
Batting: RHB Pierre Bernard 0-0: Ball
1-0: Ball
2-0: Ball
3-0: Base on Balls
Phillip Mendizabal to second
Pitching: LHP Pedro Pérez
Pinch Hitting: RHB Bernardo Rivera 0-0: Foul Ball, location: 2F
0-1: Fly out, F9 (Flyball, 9S)
Batting: LHB Roberto Fierro 0-0: Ball
1-0: Ground out U3 (Groundball, 3)
Top of the 8th over - 0 run(s), 1 hit(s), 0 error(s), 2 left on base; Phoenix Hotspur 1 - Tacoma 3
BOTTOM OF THE 8TH
Tacoma Fur Traders batting - Pitching for Phoenix Hotspur Youth : LHP Bryan Jones
Now at 3B: Bernardo Rivera
Batting: RHB Tim Lehman 0-0: Foul Ball, location: 2F
0-1: Called Strike
0-2: Foul Ball, location: 2F
0-2: Fly out, F8 (Line Drive, 8RM)
Batting: RHB Miguel Silva 0-0: Ball
1-0: Ball
2-0: Ball
3-0: Called Strike
3-1: Foul Ball, location: 2F
3-2: Fly out, F9 (Flyball, 89S)
Batting: RHB Carlos Correa 0-0: Ball
1-0: Ball
2-0: Ball
3-0: Base on Balls
Batting: RHB Andy Moore 0-0: Fielders Choice at 2nd, 4-6 (Groundball, 4)
Bottom of the 8th over - 0 run(s), 0 hit(s), 0 error(s), 0 left on base; Phoenix Hotspur 1 - Tacoma 3
TOP OF THE 9TH
Phoenix Hotspur Youth batting - Pitching for Tacoma Fur Traders : LHP Pedro Pérez
Pitching: LHP Steve Adkins
Batting: RHB Takashi Miike 0-0: Foul Ball, location: 2F
0-1: Ball
1-1: Ball
2-1: SINGLE (Line Drive, 8LS)
Pinch Hitting: RHB Edolf Middehof 0-0: Ball
1-0: Foul Ball, location: 2F
1-1: Ball
2-1: Swinging Strike
2-2: Ball
3-2: Foul Ball, location: 2F
3-2: Base on Balls
Takashi Miike to second
Batting: LHB Harumi Takaki 0-0: Fly out, F8 (Flyball, 78M)
Batting: RHB Hieronymus Bosch 0-0: Ball
1-0: Foul Ball, location: 2F
1-1: Ball
2-1: Ball
3-1: Ground out 5-3 (Groundball, 56S)
Takashi Miike to third
Edolf Middehof to second
Batting: RHB Enrico Sánchez 0-0: Called Strike
0-1: Foul Ball, location: 2F
0-2: Ground out 6-3 (Groundball, 56)
Top of the 9th over - 0 run(s), 1 hit(s), 0 error(s), 2 left on base; Phoenix Hotspur 1 - Tacoma 3
Saturday, May 26th, 2018 - OOTP Baseball 17.12 Build 75